 Dungeon Crawl Stone Soup version 0.27-a0-445-gbe96e517c0 (webtiles) character file.

Game seed: 358803805582361508

138 EnegeticOcto the Grave Robber (level 5, -1/38 HPs)
             Began as a Mummy Necromancer on Feb 27, 2021.
             Killed from afar by an orc wizard (7 damage)
             ... with a magic dart
             ... on level 3 of the Dungeon.
             The game lasted 00:06:47 (2392 turns).

EnegeticOcto the Grave Robber (Mummy Necromancer)   Turns: 2392, Time: 00:06:48

Health: -1/38      AC:  2    Str: 12    XL:     5   Next: 1%
Magic:  1/10       EV: 12    Int: 15    God:
Gold:   113        SH:  0    Dex: 18    Spells: 7/11 levels left

rFire    x . .     SeeInvis .   d - +1 mace
rCold    + . .     Faith    .   (no shield)
rNeg     + + +     Spirit   .   a - +0 robe
rPois    ∞         Reflect  .   (no helmet)
rElec    .         Harm     .   (no cloak)
rCorr    .         Rampage  .   (no gloves)
Will     .....                  (no boots)
Stlth    +.........             b - amulet of regeneration
HPRegen  1.12/turn              j - +6 ring of dexterity
MPRegen  0.12/turn              (no ring)

@: confused
A: no potions, fire vulnerability, cold resistance 1, negative energy resistance
3, torment resistance, unbreathing
a: no special abilities


You were on level 3 of the Dungeon.
You visited 1 branch of the dungeon, and saw 3 of its levels.

You collected 113 gold pieces.

Inventory:

Hand Weapons
 c - a +0 whip
   (You took it off a kobold on level 1 of the Dungeon)
 d - a +1 mace (weapon)
   (You found it on level 1 of the Dungeon)
Missiles
 k - 5 boomerangs
Armour
 a - a +0 robe (worn)
 l - a +0 buckler
   (You found it on level 2 of the Dungeon)
Jewellery
 b - an amulet of regeneration (around neck)
   (You found it on level 1 of the Dungeon)
 h - a ring of fire
   (You found it on level 1 of the Dungeon)
 j - a +6 ring of dexterity (left hand)
   (You found it on level 2 of the Dungeon)
 m - a ring of resist corrosion
   (You found it on level 3 of the Dungeon)
Scrolls
 e - a scroll of teleportation {unknown}
 f - a scroll of immolation
 g - a scroll of fog {unknown}
 i - a scroll of enchant weapon
 n - a scroll of identify {unknown}


   Skills:
 + Level 1.9 Fighting
 - Level 1.5 Dodging
 - Level 3.0 Stealth
 + Level 3.8 Spellcasting
 + Level 4.5 Necromancy


You had 7 spell levels left.
You knew the following spells:

 Your Spells              Type           Power        Failure   Level
a - Pain                  Necr           64%          2%          1
b - Vampiric Draining     Necr           8%           9%          3

Your spell library contained the following spells:

 Spells                   Type           Power        Failure   Level
 Animate Skeleton         Necr           32%          2%          1
 Animate Dead             Necr           8%           28%         4
 Agony                    Necr           16%          61%         5


Dungeon Overview and Level Annotations

Branches:
Dungeon (3/15)

Altars:
Fedhas
Nemelex Xobeh


Innate Abilities, Weirdness & Mutations

You do not drink.
Your flesh is vulnerable to fire.
You are immune to poison.
Your flesh is cold resistant. (rC+)
You are immune to negative energy. (rN+++)
You are immune to unholy pain and torment.
You can survive without breathing.


Message History

Casting: Pain (safe; 3% risk of failure)
Confirm with . or Enter, or press ? or * to list all spells.
Aiming: Pain (safe; 3% risk of failure)
Press: ? - help, Shift-Dir - straight line, f - orc priest
Aim: an orc priest, wielding a +0 club (chance to affect: 75%)
The orc priest writhes in agony.
Casting: Pain (safe; 3% risk of failure)
Confirm with . or Enter, or press ? or * to list all spells.
Aiming: Pain (safe; 3% risk of failure)
Press: ? - help, Shift-Dir - straight line, f/p - orc priest
Aim: an orc priest, wielding a +0 club (lightly wounded, chance to affect: 75%)
The orc priest writhes in agony.
Casting: Pain (safe; 3% risk of failure)
Confirm with . or Enter, or press ? or * to list all spells.
The spell is quite dangerous to cast (9% risk of failure)!
Continue anyway?
Okay, then.
Casting: Vampiric Draining (quite dangerous; 9% risk of failure)
Confirm with . or Enter, or press ? or * to list all spells.
Aiming: Pain (safe; 3% risk of failure)
Press: ? - help, Shift-Dir - straight line, f/p - orc priest
Aim: an orc priest, wielding a +0 club (moderately wounded, chance to affect: 75%)
The orc priest struggles to resist.
The orc wizard gestures at itself while chanting.
The orc wizard flickers and vanishes!
Deactivating autopickup; reactivate with Ctrl-A.
The orc priest hits you but does no damage.
A goblin comes into view.
The orc closely misses you.
Casting: Pain (safe; 3% risk of failure)
Confirm with . or Enter, or press ? or * to list all spells.
Aiming: Pain (safe; 3% risk of failure)
Press: ? - help, Shift-Dir - straight line, f/p - orc priest
Aim: an orc priest, wielding a +0 club (moderately wounded, chance to affect: 75%)
The orc priest writhes in agony.
The goblin shouts!
The orc priest looks braver for a moment.
The orc hits you with a +0 hand axe.
Casting: Pain (safe; 3% risk of failure)
Confirm with . or Enter, or press ? or * to list all spells.
Aiming: Pain (safe; 3% risk of failure)
Press: ? - help, Shift-Dir - straight line, f/p - orc priest
Aim: an orc priest, wielding a +0 club (heavily wounded, chance to affect: 75%)
The orc priest writhes in agony.
The orc priest barely misses you.
Casting: Pain (safe; 3% risk of failure)
Confirm with . or Enter, or press ? or * to list all spells.
Aiming: Pain (safe; 3% risk of failure)
Press: ? - help, Shift-Dir - straight line, f/p - orc priest
Aim: an orc priest, wielding a +0 club (severely wounded, chance to affect: 75%)
The orc priest writhes in agony.
The orc priest looks braver for a moment.
Casting: Pain (safe; 3% risk of failure)
Confirm with . or Enter, or press ? or * to list all spells.
You can't see any susceptible monsters within range! (Use Z to cast anyway.)
Casting: Pain (safe; 3% risk of failure)
Confirm with . or Enter, or press ? or * to list all spells.
Aiming: Pain (safe; 3% risk of failure)
Press: ? - help, Shift-Dir - straight line Nothing appears to happen.
You hit the orc priest.
You kill the orc priest!
You hear some strange, mumbled words.
A puff of flame appears from out of thin air!
The puff of flame hits you!! The fire burns you terribly!
Ouch! That really hurt!
Something hits you.
* * * LOW HITPOINT WARNING * * *
You have reached level 5!
You feel stronger.
As you read the scroll labelled XOK SOANTEJIOM, it crumbles to dust.
It is a scroll of enchant weapon.
Your +0 mace glows red for a moment.
The orc hits you but does no damage.
You hear some strange, mumbled words.
A magic dart appears from out of thin air!
The magic dart hits you.
* * * LOW HITPOINT WARNING * * *
Casting: Pain (safe; 2% risk of failure)
Confirm with . or Enter, or press ? or * to list all spells.
Aiming: Vampiric Draining (dangerous; 9% risk of failure)
Press: ? - help, Shift-Dir - straight line You feel life coursing into your body.
The orc hits you with a +0 hand axe.
* * * LOW HITPOINT WARNING * * *
Something hits you.
* * * LOW HITPOINT WARNING * * *
You aren't carrying any items that you can evoke.
Unknown command.
You closely miss something. Something hits you.
* * * LOW HITPOINT WARNING * * *
The orc hits you with a +0 hand axe.
* * * LOW HITPOINT WARNING * * *
Unknown command.
Something hits you but does no damage.
Things that are here:
a +0 flail; a +0 ring mail; an orc corpse The goblin hits you.
* * * LOW HITPOINT WARNING * * *
You hear some strange, mumbled words.
You are confused.
A magic dart appears from out of thin air!
The magic dart hits you!
You die...

........o...#
#.......##).#
#......##...#
################.r..#
###...###)..####..###
##....###....###g{#
##....###....###o.#
#..#...#...#..##..#
#..##.)...##..#.@##
...###...###....##
...###...###...##
######...#######
#######


You could see an orc, a goblin and a rat.

Vanquished Creatures
  An orc priest (D:3)
  An orc wizard (D:2)
  An ooze (D:1)
  4 worms
  3 leopard geckos
  5 orcs
  5 giant cockroaches
  4 goblins
  2 hobgoblins
  3 jackals (D:1)
  8 kobolds
  4 ball pythons
  4 bats (D:1)
  4 frilled lizards
  12 rats
61 creatures vanquished.

Notes
Turn   | Place    | Note
-------+----------+-------------------------------------------
     0 | D:1      | EnegeticOcto the Mummy Necromancer began the quest for the
                  | Orb.
     0 | D:1      | Reached XP level 1. HP: 13/13 MP: 4/4
    89 | D:1      | Reached skill level 2 in Stealth
   260 | D:1      | Reached XP level 2. HP: 19/19 MP: 0/5
   652 | D:1      | Reached skill level 3 in Stealth
   723 | D:1      | Reached XP level 3. HP: 21/24 MP: 1/7
  1369 | D:1      | Learned a level 3 spell: Vampiric Draining
  1389 | D:1      | Reached skill level 3 in Spellcasting
  1416 | D:1      | Reached skill level 1 in Fighting
  1707 | D:2      | Reached XP level 4. HP: 26/32 MP: 1/8
  2188 | D:3      | Found a sparkling altar of Nemelex Xobeh.
  2205 | D:3      | Found a blossoming altar of Fedhas.
  2384 | D:3      | Reached XP level 5. HP: 10/38 MP: 3/10
  2386 | D:3      | HP: 1/38 [orc/+0 hand axe (2)]
  2392 | D:3      | Killed from afar by an orc wizard

Illustrated notes

Levels and vault maps discovered:
D:1:      dpeg_arrival_refuge, layout_rooms
D:2:      layout_rooms
D:3:      layout_basic, grunt_temple_overflow_open, general_overflow_altar,
          lemuel_doored_altar, hangedman_glass_teeth, kennysheep_boxes

Skill      XL: |  1  2  3 |
---------------+----------+-----
Stealth        | 2 3 |  3.0
Spellcasting   | 3 |  3.8
Fighting       | 1 |  1.9
Dodging        | |  1.5
Necromancy     | |  4.5

Action                   |  1- 3 |  4- 6 || total
-------------------------+-------+-------++-------
Melee: Mace              |    25 |     3 ||    28
 Cast: Pain              |    99 |    29 ||   128
       Vampiric Draining |       |     1 ||     1
  Use: Scroll            |     1 |     1 ||     2
Armor: Robe              |    15 |     3 ||    18
Dodge: Dodged            |    37 |     4 ||    41

Table legend: (Time is in decaauts)
 A = Elapsed time spent in this place.
 B = Non-inter-level travel time spent in this place.
 C = Inter-level travel time spent in this place.
 D = Time resting spent in this place.
 E = Time spent auto-exploring this place.
 F = Levels seen in this place.
 G = Mean time per level.
                   A        B        C        D        E       F      G
               +--------+--------+--------+--------+--------+-----+--------+
         Total |   2404 |   2333 |     71 |    567 |   1265 |   3 |  801.3 |
       Dungeon |   2404 |   2333 |     71 |    567 |   1265 |   3 |  801.3 |
               +--------+--------+--------+--------+--------+-----+--------+

Top non-repeatable levels by time:
     D:1: 1270 daAuts
     D:2: 840 daAuts
     D:3: 294 daAuts
